 Dungeon Sprint DCSS version 0.30-a0-12-gd8047c6341 (webtiles) character file.

Game seed: 17339868554440489628

114 Hubris850 the Martial Artist (level 4, 0/48 HPs)
             Began as a Merfolk Transmuter on Aug 23, 2022.
             Slain by a necrophage (4 damage)
             ... in the Dungeon (Sprint II: "The Violet Keep of Menkaure").
             The game lasted 00:00:36 (18 turns).

Hubris850 the Martial Artist (Merfolk Transmuter)     Turns: 18, Time: 00:00:37

Health: 0/48       AC:  2    Str: 12    XL:     4   Next: 98%
Magic:  4/10       EV: 12    Int: 12    God:
Gold:   0          SH:  0    Dex: 14    Spells: 10/11 levels left

rFire   . . .      SeeInvis .      - Unarmed
rCold   . . .      Faith    .    (no shield)
rNeg    . . .      Spirit   .    a - +0 robe
rPois   .          Reflect  .    (no helmet)
rElec   .          Harm     .    (no cloak)
rCorr   .          Rampage  .    (no gloves)
Will    .....      NoTele   +    (no boots)
Stlth   ..........               (no amulet)
HPRegen 0.16/turn                (no ring)
MPRegen 0.12/turn                (no ring)

@: berserking (expiring), very quick
A: (nimble swimmer 2), mertail
a: no special abilities


You were in the Dungeon.
You visited 1 branch

Inventory:

Armour
 a - a +0 robe (worn)
Scrolls
 h - a scroll of blinking
Potions
 b - a potion of lignification
 c - a potion of curing
 d - a potion of heal wounds
 e - a potion of haste
 f - 2 potions of magic


   Skills:
 - Level 1.1 Fighting
 - Level 2.6 Dodging
 - Level 8.7 Unarmed Combat
 + Level 4.1 Spellcasting
 + Level 5.9 Transmutations


You had 10 spell levels left.
You knew the following spells:

 Your Spells              Type           Power      Damage    Failure   Level
a - Beastly Appendage     Tmut           32%        N/A       1%          1

Your spell library contained the following spells:

 Spells                   Type           Power      Damage    Failure   Level
 Wereblood                Tmut           16%        N/A       3%          2
 Spider Form              Tmut/Pois      9%         N/A       19%         3
 Ice Form                 Ice/Tmut       9%         N/A       54%         4


Dungeon Overview and Level Annotations

Branches:
Dungeon (1/1)

Altars:


Innate Abilities, Weirdness & Mutations

((You are very nimble when in or above water. (Stealth+, EV+, Speed+++)))
Your lower body shifts to a powerful aquatic tail in water.


Message History

You punch the necrophage!
You destroy the necrophage!
Your life force feels restored.
Your Unarmed Combat skill gained 5 levels and is now at level 8!
You have reached level 2!
You have reached level 3!
Your experience leads to an increase in your attributes!
Increase (S)trength, (I)ntelligence, or (D)exterity?
You feel stronger. x2
The necrophage hits you. The necrophage closely misses you.
Your magical contamination has completely faded away.
There is an open door here.
You see here a necrophage corpse.
You closely miss the necrophage. The necrophage closely misses you.
The necrophage hits you.
You feel drained.
You hit the necrophage.
The necrophage is lightly damaged.
You hit the necrophage.
The necrophage is moderately damaged.
The necrophage misses you. The necrophage hits you.
* * * LOW HITPOINT WARNING * * *
You punch the necrophage!
The necrophage is severely damaged.
You barely miss the necrophage. You punch the necrophage!
You destroy the necrophage!
The necrophage hits you.
* * * LOW HITPOINT WARNING * * *
You feel drained.
Your life force feels restored.
Your Spellcasting skill gained 2 levels and is now at level 4!
Your Transmutations skill gained 3 levels and is now at level 5!
You have reached level 4!
You are too berserk!
Unknown command.
You pummel the necrophage!!
The necrophage is severely damaged.
You completely miss the necrophage. Your punch misses the necrophage.
The necrophage is severely damaged.
The necrophage hits you.
You die...

## ##.#
#+#
#...##.##
#n@.<.+
#..n##.##
##.# #+#
##


You could see 2 necrophages.

Vanquished Creatures
  2 necrophages (D)
2 creatures vanquished.

Notes
Turn   | Place    | Note
-------+----------+-------------------------------------------
     0 | D        | Hubris850 the Merfolk Transmuter began the quest for the
                  | Orb.
     0 | D        | Reached XP level 1. HP: 15/15 MP: 3/3
     1 | D        | Noticed a necrophage
     1 | D        | Noticed a necrophage
     1 | D        | Noticed a necrophage
     1 | D        | Noticed a necrophage
    10 | D        | Killed a necrophage
    11 | D        | Reached skill level 8 in Unarmed Combat
    11 | D        | Reached XP level 2. HP: 13/21 MP: 3/5
    11 | D        | Reached XP level 3. HP: 17/26 MP: 3/6
    16 | D        | Killed a necrophage
    17 | D        | Reached skill level 5 in Transmutations
    17 | D        | Reached XP level 4. HP: 4/32 MP: 3/10
    18 | D        | Slain by a necrophage

Illustrated notes

Levels and vault maps discovered:
D:        the_violet_keep_of_menkaure [sprint2_stairs_cluster_1,
          sprint2_shoproom, sprint2_temple, sprint2_basic_supplies,
          sprint2_obstacle_4, sprint2_obstacle_2, sprint2_obstacle_7,
          sprint2_obstacle_6, sprint2_obstacle_3, sprint2_timed_cluster_1,
          sprint2_smallroom_cluster_1, sprint2_smallroom_final_cluster_1,
          sprint2_transparent_cluster_1, sprint2_second_timed_cluster_1,
          sprint2_sniper_area_1, sprint2_heavy_combat_area_1,
          sprint2_mutation_trap_area_1, sprint2_forest_area_1,
          sprint2_light_combat_area_1, sprint2_behind_water_1,
          sprint2_near_end_vault_1]

Skill      XL: |  1  2  3 |
---------------+----------+-----
Unarmed Combat | 8 |  8.7
Spellcasting   | 4 |  4.1
Transmutations | 5 |  5.9
Fighting       | |  1.1
Dodging        | |  2.6

Action                   |  1- 3 |  4- 6 || total
-------------------------+-------+-------++-------
Melee: Unarmed           |    12 |     2 ||    14
       Punch             |     1 |       ||     1
  Use: Potion            |     1 |       ||     1
Armor: Robe              |     1 |       ||     1
Dodge: Dodged            |     4 |       ||     4

Table legend: (Time is in decaauts)
 A = Elapsed time spent in this place.
 B = Non-inter-level travel time spent in this place.
 C = Inter-level travel time spent in this place.
 D = Time resting spent in this place.
 E = Time spent auto-exploring this place.
 F = Levels seen in this place.
 G = Mean time per level.
                   A        B        C        D        E       F      G
               +--------+--------+--------+--------+--------+-----+--------+
         Total |     12 |     12 |      0 |      0 |      0 |   1 |   12.0 |
       Dungeon |     12 |     12 |      0 |      0 |      0 |   1 |   12.0 |
               +--------+--------+--------+--------+--------+-----+--------+

Top non-repeatable levels by time:
       D: 12 daAuts
